 Dungeon Crawl Stone Soup version 0.28-a0-1038-g9c4cb8273d (webtiles) character file.

Game seed: 9294402696661093924

15988 Decritt the Fighter (level 12, -7/115 HPs)
             Began as a Minotaur Fighter on Dec 8, 2021.
             Was the Champion of Okawaru.
             Killed by divine providence
             ... invoked by a meliai
              (16 damage)
             ... on level 12 of the Dungeon.
             The game lasted 00:33:48 (16389 turns).

Decritt the Fighter (Minotaur Fighter)             Turns: 16389, Time: 00:33:49

Health: -7/115     AC: 26    Str: 26    XL:     12   Next: 6%
Magic:  13/15      EV: 11    Int:  7    God:    Okawaru [******]
Gold:   509        SH: 11    Dex: 16    Spells: 11/11 levels left

rFire   . . .      SeeInvis +   Q - +4 morningstar (venom)
rCold   . . .      Faith    .   c - +0 buckler
rNeg    . . .      Spirit   .   z - +3 chain mail "Beogi" {Will+ Int+2 Dex+3}
rPois   +          Reflect  +   M - +2 hat {Will+}
rElec   .          Harm     .   I - +0 cloak
rCorr   .          Rampage  .   f - +2 pair of gloves {Dex+3}
Will    ++...                   F - +2 pair of boots
Stlth   ..........              E - amulet of reflection
HPRegen 0.29/turn               J - ring of poison resistance
MPRegen 0.14/turn               P - ring of see invisible

@: about to teleport, finesse-ful
A: horns 2, retaliatory headbutt
a: Renounce Religion, Heroism, Finesse, Duel


You were on level 12 of the Dungeon.
You worshipped Okawaru.
Okawaru was exalted by your worship.
You visited 1 branch of the dungeon, and saw 12 of its levels.

You collected 818 gold pieces.
You spent 309 gold pieces at shops.

Inventory:

Hand Weapons
 G - a +2 trident of venom
 Q - a +4 morningstar of venom (weapon)
Missiles
 e - 10 boomerangs
 x - 3 throwing nets
Armour
 c - a +0 buckler (worn)
 f - a +2 pair of gloves of dexterity (worn)
 z - the +3 chain mail "Beogi" (worn) {Will+ Int+2 Dex+3}
   (You bought it in a shop on level 3 of the Dungeon)

   Int:       It affects your intelligence (+2).
   Dex:       It affects your dexterity (+3).
   Will:      It increases your willpower.
 F - a +2 pair of boots (worn)
 I - a +0 cloak (worn)
 M - a +2 hat of willpower (worn)
Jewellery
 q - a ring of protection from cold
 A - a ring of protection from fire
 E - an amulet of reflection (around neck)
 J - a ring of poison resistance (left hand)
 P - a ring of see invisible (right hand)
Wands
 b - a wand of iceblast (6)
 r - a wand of acid (8)
 y - a wand of flame (42)
 D - a wand of paralysis (8)
 O - a wand of mindburst (18)
Scrolls
 a - a scroll of noise {unknown}
 k - 2 scrolls of enchant weapon
 l - a scroll of fear
 t - 3 scrolls of magic mapping
 v - 2 scrolls of teleportation
 w - a scroll of enchant armour
 B - a scroll of vulnerability {unknown}
 H - a scroll of summoning {unknown}
 K - 2 scrolls of immolation
 L - a scroll of silence
Potions
 d - 3 potions of might
 h - a potion of berserk rage
 j - 9 potions of curing
 m - 2 potions of invisibility
 p - 5 potions of cancellation
 s - 2 potions of flight
 C - a potion of mutation
 N - a potion of heal wounds
 R - 2 potions of haste {unknown}
 S - a potion of resistance {unknown}


   Skills:
 + Level 13.1 Fighting
 + Level 12.9 Axes
 + Level 12.0 Armour
 + Level 4.3 Dodging
 - Level 6.9 Shields
 + Level 5.8 Invocations


You had 11 spell levels left.
You didn't know any spells.
Your spell library contained the following spells:

 Spells                   Type           Power      Damage    Failure   Level
 Scorch                   Fire           0%         2d5       97%         2
 Flame Wave               Conj/Fire      0%         2d4       100%        4
 Storm Form               Tmut/Air       0%         N/A       100%        7
 Maxwell's Capacitive Co  Air            0%         ∞         100%        8
 Summon Lightning Spire   Summ/Air       Unusable   N/A       N/A         4
 Summon Cactus Giant      Summ           Unusable   N/A       N/A         6

Dungeon Overview and Level Annotations

Branches:
Dungeon (12/15)            Temple (0/1) D:6            Lair (0/6) D:11
    Orc (0/2) D:11

Altars:
Ashenzari
Cheibriados
Dithmenos
Fedhas
Gozag
Okawaru
Sif Muna
Wu Jian

Shops:
D:3 *   D:12 !

Annotations:
D:6 3 runed translucent doors, AvatarAndi78's ghost, novice MiBe; Tewichka's ghost, novice MiFi; hansi's ghost, novice MiFi


Innate Abilities, Weirdness & Mutations

You have a pair of horns on your head.
You reflexively headbutt those who attack you in melee.


Message History

You feel much better.
The skeletal warrior hits you with a +0 scimitar.
* * * LOW HITPOINT WARNING * * *
The skeletal warrior hits you with a +0 war axe!
* * * LOW HITPOINT WARNING * * *
The skeletal warrior closely misses you.
The skeletal warrior is engulfed in blazing flames.
The skeletal warrior is engulfed in blazing flames.
The orc wizard gestures wildly while chanting.
The orc wizard flickers and vanishes for a moment.
The vampire mosquito is engulfed in blazing flames.
The skeletal warrior is engulfed in blazing flames.
The skeletal warrior is engulfed in blazing flames.
The meliai mumbles some strange prayers to its god against you.
Something smites you!
* * * LOW HITPOINT WARNING * * *
There is an open door here.
You block the vampire mosquito's attack.
You block the vampire mosquito's attack.
The vampire mosquito barely misses you. You furiously retaliate!
You headbutt the vampire mosquito.
The skeletal warrior is engulfed in blazing flames.
The vampire mosquito misses you. The vampire mosquito barely misses you.
You block the vampire mosquito's attack.
The vampire mosquito bites you.
* * * LOW HITPOINT WARNING * * *
The vampire mosquito draws strength from your injuries!
The vampire mosquito bites you but does no damage.
The vampire mosquito bites you but does no damage.
The meliai calls down the wrath of its god upon you.
Something smites you!
* * * LOW HITPOINT WARNING * * *
The vampire mosquito bites you but does no damage.
Okay, then.
As you read the scroll of teleportation, it crumbles to dust.
You feel strangely unstable.
The meliai mumbles some strange prayers to its god against you.
Something smites you!
You die...

#...⌠.⌠.⌠..##
#z.#.#.#.#..#
######z..⌠.∩.⌠...#
......y○#.#)#.#..#
#####....⌠.⌠.⌠...#
#z○.#.#.#.#..#
#.R..........#
#.y#.#.......#
##@#...#######
##.....#####
+.......[..#
#..#######.# ##.#
#.# #.# #.# ..#
#.# ### #.#
######## #.#


You could see 3 skeletal warriors, an efreet, a vampire mosquito and a meliai.

Vanquished Creatures
  Gastronok (D:10)
  A hydra (D:12)
  2 death knights
  2 two-headed ogres
  A skeletal warrior (D:12)
  A phantasmal warrior (D:12)
  2 ugly things
  2 cyclopes (D:11)
  A manticore (D:12)
  Maurice (D:8)
  A gargoyle (D:12)
  An unseen horror (D:10)
  2 freezing wraiths (D:11)
  A troll (D:12)
  A hornet (D:9)
  Prince Ribbit (D:6)
  A shadow (D:11)
  11 yaks (D:8)
  2 wraiths
  3 steam dragons
  An acid dragon (D:12)
  3 water moccasins
  Duvessa (D:7)
  7 orc warriors
  A black bear (D:4)
  3 sky beasts
  A necrophage (D:8)
  An ogre (D:5)
  3 centaurs
  Blork the orc (D:4)
  2 gnoll sergeants
  A wyvern zombie (D:7)
  A water moccasin zombie (D:6)
  Dowan (D:7)
  8 killer bees
  5 wights (D:10)
  3 howler monkeys (D:8)
  8 orc priests
  6 centaur zombies
  A bullfrog skeleton (D:5)
  A hound (D:7)
  2 jellies
  A centaur skeleton (D:7)
  Jessica (D:3)
  Natasha (thrice) (D:2)
  8 orc wizards
  A hound skeleton (D:5)
  2 howler monkey zombies (D:5)
  Robin (D:2)
  16 gnolls
  9 adders
  2 shadow imps
  An adder zombie (D:4)
  A worm (D:4)
  4 dart slugs
  50 orcs
  6 ball pythons
  8 bats
  9 endoplasms
  A giant cockroach (D:2)
  17 goblins
  11 hobgoblins
  8 jackals
  5 quokkas
  10 frilled lizards
  10 kobolds
  7 rats
291 creatures vanquished.

Vanquished Creatures (others)
  An orc (D:8)
  A plant (D:3)
  4 withered plants (D:6)
6 creatures vanquished.

Grand Total: 297 creatures vanquished

Notes
Turn   | Place    | Note
-------+----------+-------------------------------------------
     0 | D:1      | Decritt the Minotaur Fighter began the quest for the Orb.
     0 | D:1      | Reached XP level 1. HP: 19/19 MP: 0/0
   198 | D:1      | Reached XP level 2. HP: 21/27 MP: 1/1
   349 | D:1      | Reached skill level 4 in Fighting
   711 | D:1      | Reached XP level 3. HP: 32/33 MP: 2/2
   932 | D:2      | Noticed Natasha
   939 | D:2      | Killed Natasha
  1108 | D:2      | Noticed Natasha
  1114 | D:2      | Killed Natasha
  1115 | D:2      | Reached XP level 4. HP: 23/41 MP: 3/3
  1541 | D:2      | Reached skill level 5 in Fighting
  1541 | D:2      | Reached XP level 5. HP: 48/48 MP: 4/4
  1776 | D:2      | Noticed Natasha
  1784 | D:2      | Killed Natasha
  1787 | D:2      | Noticed Robin
  2281 | D:2      | Killed Robin
  2431 | D:3      | Identified a scroll of acquirement
  2431 | D:3      | Acquired a +2 pair of gloves of dexterity
  2611 | D:3      | Found an iron altar of Okawaru.
  2619 | D:3      | Became a worshipper of Warmaster Okawaru
  2620 | D:3      | Found Vauwef's Assorted Antiques.
  2644 | D:3      | Noticed Jessica
  2652 | D:3      | Killed Jessica
  2653 | D:3      | Reached XP level 6. HP: 49/56 MP: 5/5
  3358 | D:4      | Found a snail-covered altar of Cheibriados.
  3917 | D:4      | Noticed a sky beast
  3932 | D:4      | Reached skill level 5 in Axes
  3932 | D:4      | Reached skill level 5 in Armour
  3932 | D:4      | Reached skill level 1 in Dodging
  3939 | D:4      | Killed a sky beast
  3940 | D:4      | Reached skill level 6 in Fighting
  3940 | D:4      | Reached skill level 1 in Invocations
  3940 | D:4      | Reached XP level 7. HP: 26/63 MP: 5/7
  4171 | D:4      | Noticed Blork the orc
  4178 | D:4      | Killed Blork the orc
  5194 | D:5      | Entered Level 5 of the Dungeon
  5874 | D:5      | Found a broken altar of Ashenzari.
  5921 | D:5      | Reached * piety under Okawaru
  5922 | D:5      | Reached XP level 8. HP: 71/71 MP: 8/8
  5981 | D:5      | Identified the +1 robe of Pandemonium {*Slow rElec rC++
                  | Archmagi}
  6310 | D:5      | Found an ornate altar of the Wu Jian Council.
  6375 | D:6      | Found a staircase to the Ecumenical Temple.
  6383 | D:6      | Noticed Prince Ribbit
  6797 | D:6      | Killed Prince Ribbit
  6798 | D:6      | Reached skill level 7 in Fighting
  7327 | D:6      | HP: 1/73 [orc warrior (7)]
  8272 | D:3      | Bought a dazzling chain mail for 199 gold pieces
  8272 | D:3      | Identified the +3 chain mail "Beogi" {Will+ Int+2 Dex+3}
                  | (You bought it in a shop on level 3 of the Dungeon)
  8527 | D:6      | Found a runed translucent gate.
  8527 | D:6      | Found a runed translucent gate.
  8532 | D:6      | Found a runed translucent gate.
  8533 | D:6      | Noticed Tewichka's ghost (novice MiFi)
  8533 | D:6      | Noticed hansi's ghost (novice MiFi)
  8533 | D:6      | Noticed AvatarAndi78's ghost (novice MiBe)
  8630 | D:6      | Reached skill level 8 in Fighting
  9077 | D:7      | Found a shimmering blue altar of Sif Muna.
  9118 | D:7      | Reached ** piety under Okawaru
  9204 | D:7      | Reached XP level 9. HP: 73/82 MP: 10/10
  9309 | D:7      | Noticed Duvessa
  9319 | D:7      | Killed Duvessa
  9322 | D:7      | Noticed Dowan
  9329 | D:7      | Killed Dowan
  9520 | D:7      | Found an opulent altar of Gozag.
 10374 | D:8      | Reached skill level 9 in Fighting
 10537 | D:8      | Reached *** piety under Okawaru
 10904 | D:8      | Reached skill level 10 in Fighting
 11045 | D:9      | Noticed Maurice
 11055 | D:8      | Reached XP level 10. HP: 78/93 MP: 11/11
 11066 | D:8      | Reached skill level 10 in Axes
 11066 | D:8      | Reached skill level 10 in Armour
 11429 | D:8      | Reached **** piety under Okawaru
 11675 | D:8      | Killed Maurice
 11791 | D:9      | Reached skill level 11 in Fighting
 11791 | D:9      | Reached skill level 5 in Shields
 12757 | D:10     | Entered Level 10 of the Dungeon
 12788 | D:10     | Reached ***** piety under Okawaru
 12941 | D:10     | Found a shadowy altar of Dithmenos.
 13049 | D:10     | Noticed Gastronok
 13072 | D:10     | Killed Gastronok
 13072 | D:10     | Received a gift from Okawaru
 13325 | D:10     | Reached XP level 11. HP: 102/102 MP: 13/13
 13416 | D:10     | Found a blossoming altar of Fedhas.
 13601 | D:11     | Noticed a two-headed ogre
 13616 | D:11     | Killed a two-headed ogre
 13693 | D:11     | Noticed a death knight
 13720 | D:11     | Killed a death knight
 13720 | D:11     | Received a gift from Okawaru
 13721 | D:11     | Reached skill level 12 in Fighting
 13997 | D:11     | Noticed a red ugly thing
 14007 | D:11     | Killed a red ugly thing
 14045 | D:11     | Found a staircase to the Orcish Mines.
 14150 | D:11     | Identified the +1 quarterstaff "Fixoaze" {freeze, rC+ rN+
                  | Int-2}
 14164 | D:11     | Found a staircase to the Lair.
 14660 | D:12     | Noticed a two-headed ogre
 14664 | D:12     | Killed a two-headed ogre
 14665 | D:12     | Reached skill level 5 in Invocations
 14813 | D:12     | Reached ****** piety under Okawaru
 14959 | D:12     | Found Ufaotan's Distillery.
 14961 | D:12     | Noticed a phantasmal warrior
 14974 | D:12     | Killed a phantasmal warrior
 14974 | D:12     | Received a gift from Okawaru
 15745 | D:12     | Noticed a purple ugly thing
 15753 | D:12     | Killed a purple ugly thing
 15925 | D:12     | Noticed a death knight
 15927 | D:12     | Noticed a skeletal warrior
 15942 | D:12     | Killed a death knight
 15953 | D:12     | Killed a skeletal warrior
 15954 | D:12     | Reached skill level 13 in Fighting
 15954 | D:12     | Reached XP level 12. HP: 37/115 MP: 12/15
 16232 | D:12     | Bought a potion of heal wounds for 50 gold pieces
 16232 | D:12     | Bought 2 potions of curing for 60 gold pieces
 16266 | D:12     | Noticed a five-headed hydra
 16273 | D:12     | Killed a five-headed hydra
 16389 | D:12     | Killed from afar by a meliai

Illustrated notes

Levels and vault maps discovered:
D:1:      psy_arrival_radial02, layout_basic, minmay_tall_x
D:2:      layout_loops_cross, uniq_robin, uniq_natasha
D:3:      layout_basic, okawaru_metal_pillars_1_2, serial_shops,
          nicolae_shop_overgrown_old_shop, uniq_jessica
D:4:      layout_layer_cave, cheibrodos_worm_habitat, minivault_25,
          minmay_divided_ellipse, uniq_blork_the_orc
D:5:      layout_cave_pools, nicolae_ashenzari_skybound,
          nzn_wu_jian_council_hall, nicolae_ossuary_entry_false_entrances
D:6:      layout_rooms, minmay_temple_entry_ruins, gammafunk_ghost_cemetery,
          uniq_prince_ribbit1
D:7:      layout_basic, nicolae_sif_muna_condensation,
          nicolae_gozag_seed_capital, hangedman_abyss_or_decor_passed,
          uniq_duvessa
D:8:      layout_basic, minivault_14
D:9:      layout_grid_maze, minivault_24, uniq_maurice
D:10:     layout_cave_pools, fedhas_altar_2,
          nicolae_dithmenos_through_a_glass_darkly, uniq_gastronok
D:11:     layout_gridville, lair_entry_dummy, david_orc_2, serial_glass,
          glass_columns_a, glass_columns_a, glass_columns_b, glass_columns_b,
          glass_columns_b, glass_columns_b, minmay_strange_pillars,
          minmay_strange_pillars, feat_on_display, feat_on_display,
          minmay_microvault
D:12:     evilmike_horseshoe, layout_loops_ring, minmay_shop_grid_forest

Skill      XL: |  1  2  3  4  5  6  7  8  9 10 11 |
---------------+----------------------------------+-----
Fighting       | 4 5 6 8 10 11 13 | 13.1
Axes           | 3 4 5 6 7 9 11 12 | 12.9
Armour         | 4 5 6 7 9 11 12 | 12.0
Shields        | 4 5 6 |  6.9
Dodging        | 1 3 4 |  4.3
Invocations    | 1 2 3 4 5 |  5.8

Action                   |  1- 3 |  4- 6 |  7- 9 | 10-12 || total
-------------------------+-------+-------+-------+-------++-------
Melee: War axe           |   118 |    82 |       |       ||   200
       Headbutt          |    17 |    25 |    74 |    94 ||   210
       Flail             |       |    82 |     5 |       ||    87
       Trident           |       |       |   301 |   193 ||   494
       Morningstar       |       |       |       |   130 ||   130
Throw: Boomerang         |     3 |       |       |       ||     3
Invok: Heroism           |       |       |     1 |     2 ||     3
       Finesse           |       |       |       |     1 ||     1
  Use: Scroll            |       |     6 |    11 |     4 ||    21
       Potion            |       |       |     2 |     1 ||     3
Armor: Scale mail        |    51 |   111 |    64 |       ||   226
       Chain mail        |       |       |   101 |   172 ||   273
       Plate armour      |       |       |     5 |       ||     5
Dodge: Dodged            |    47 |    79 |   126 |    93 ||   345
Block: Buckler           |    30 |    46 |   103 |   167 ||   346
       Reflection        |       |       |       |    10 ||    10

Table legend: (Time is in decaauts)
 A = Elapsed time spent in this place.
 B = Non-inter-level travel time spent in this place.
 C = Inter-level travel time spent in this place.
 D = Time resting spent in this place.
 E = Time spent auto-exploring this place.
 F = Levels seen in this place.
 G = Mean time per level.
                   A        B        C        D        E       F      G
               +--------+--------+--------+--------+--------+-----+--------+
         Total |  16553 |  16156 |    397 |   5382 |   8319 |  12 | 1379.4 |
       Dungeon |  16553 |  16156 |    397 |   5382 |   8319 |  12 | 1379.4 |
               +--------+--------+--------+--------+--------+-----+--------+

Top non-repeatable levels by time:
     D:4: 2464 daAuts
     D:5: 2153 daAuts
     D:8: 1835 daAuts
    D:11: 1460 daAuts
    D:12: 1364 daAuts
     D:1: 1264 daAuts
     D:2: 1245 daAuts
     D:6: 1089 daAuts
     D:9: 1085 daAuts
     D:7: 942 daAuts
     D:3: 824 daAuts
    D:10: 823 daAuts
